 Dungeon Crawl Stone Soup version 0.23.2-33-g5129a83184 (webtiles) character file.

Game seed: 11836419529756944224

2011 Exodus22XD the Magician (level 9, -9/68 HPs)
             Began as a Mummy Necromancer on June 29, 2019.
             Was a Believer of Kikubaaqudgha.
             Killed from afar by an orc wizard (15 damage)
             ... with a puff of flame
             ... on level 7 of the Dungeon.
             The game lasted 00:58:52 (7267 turns).

Exodus22XD the Magician (Mummy Necromancer)         Turns: 7267, Time: 00:58:53

Health: -9/68      AC:  7    Str: 12    XL:     9   Next: 2%
Magic:  5/29       EV: 12    Int: 20    God:    Kikubaaqudgha [**....]
Gold:   306        SH:  0    Dex: 12    Spells: 8/23 levels left

rFire    x . .     SeeInvis .   k - +2 dagger (freeze)
rCold    + . .     Gourm    .   (no shield)
rNeg     + + +     Faith    .   a - +0 robe
rPois    ∞         Spirit   .   u - +0 helmet
rElec    .         Reflect  .   h - +0 cloak
rCorr    .         Harm     .   (no gloves)
MR       +....                  f - +2 pair of boots
Stlth    ++........             (no amulet)
HPRegen  0.21/turn              i - ring of magical power
MPRegen  0.21/turn              e - +3 ring of intelligence

@: very slightly contaminated
A: no food or potions, fire vulnerability, cold resistance 1, negative energy
resistance 3, torment resistance, unbreathing
a: Receive Corpses, Renounce Religion


You were on level 7 of the Dungeon.
You worshipped Kikubaaqudgha.
Kikubaaqudgha was pleased with you.
You were not hungry.

You visited 1 branch of the dungeon, and saw 7 of its levels.
You also visited: Sewer.

You collected 373 gold pieces.
You spent 67 gold pieces at shops.

Inventory:

Hand Weapons
 k - a +2 dagger of freezing (weapon)
Armour
 a - a +0 robe (worn)
 f - a +2 pair of boots (worn)
 h - a +0 cloak (worn)
 t - a cursed -1 leather armour
 u - a +0 helmet (worn)
 w - the +2 cloak of the Hidden Scars {rElec MR+ Int-5 SInv}
   (You found it on level 6 of the Dungeon)

   It affects your intelligence (-5).
   It insulates you from electricity.
   It affects your resistance to hostile enchantments.
   It lets you see invisible.
Jewellery
 e - a +3 ring of intelligence (right hand)
 i - a ring of magical power (left hand)
 l - an uncursed ring of stealth {unknown}
 o - a cursed ring of teleportation {unknown}
 r - an uncursed ring of positive energy {unknown}
Wands
 v - a wand of random effects (14)
Scrolls
 b - 5 scrolls of teleportation
 c - a scroll of fog
 d - a scroll of enchant armour
 g - a scroll of immolation
 j - 5 scrolls of remove curse
 m - 2 scrolls of magic mapping
 n - 2 scrolls of blinking
 p - 4 scrolls of fear
 q - a scroll of enchant weapon {unknown}
 s - 2 scrolls of amnesia {unknown}
 x - 2 scrolls of identify
 y - a scroll of noise {unknown}


   Skills:
 - Level 5.1 Fighting
 - Level 1.5 Dodging
 - Level 1.5 Stealth
 - Level 7.8 Spellcasting
 * Level 5.6 Conjurations
 - Level 6.3 Necromancy


You had 8 spell levels left.
You knew the following spells:

 Your Spells              Type           Power        Failure   Level  Hunger
a - Pain                  Necr           ####         1%          1    N/A
b - Animate Skeleton      Necr           N/A          1%          1    N/A
c - Vampiric Draining     Necr           ####......   1%          3    N/A
d - Animate Dead          Necr           N/A          6%          4    N/A
e - Corpse Rot            Necr           N/A          1%          2    N/A
f - Iskenderun's Mystic   Conj           ####....     9%          4    N/A

Your spell library contained the following spells:

 Spells                   Type           Power        Failure   Level  Hunger
 Magic Dart               Conj           ####         1%          1    N/A
 Searing Ray              Conj           ####..       1%          2    N/A
 Confusing Touch          Hex            #.....       9%          1    N/A
 Dazzling Spray           Conj/Hex       ###...       9%          3    N/A
 Confuse                  Hex            #.......     26%         3    N/A
 Gell's Gravitas          Tloc           #.........   26%         3    N/A
 Force Lance              Conj/Tloc      ###.....     26%         4    N/A
 Fulminant Prism          Conj/Hex       ###.......   26%         4    N/A
 Petrify                  Tmut/Erth      #.......     65%         4    N/A
 Metabolic Englaciation   Hex/Ice        #.........   94%         5    N/A
 Yara's Violent Unravell  Hex/Tmut       #.........   94%         5    N/A
 Regeneration             Chrm/Necr      Unusable     N/A         3    N/A

Dungeon Overview and Level Annotations

Branches:
Dungeon (7/15)             Temple (0/1) D:6

Altars:
Cheibriados
Gozag
Kikubaaqudgha
Makhleb
Nemelex Xobeh
Qazlal
Ru
Sif Muna
The Shining One

Shops:
D:6 [

Annotations:
D:4 2 transporters, runt's ghost, amateur DrAE
D:7 Joseph


Innate Abilities, Weirdness & Mutations

You do not eat or drink.
Your flesh is vulnerable to fire.
You are immune to poison.
Your flesh is cold resistant. (rC+)
You are immune to negative energy. (rN+++)
You are immune to unholy pain and torment.
You can survive without breathing.


Message History

Press: ? - help, Shift-Dir - straight line, f/p - Joseph
Aim: Joseph, wielding a +0 quarterstaff and wearing a +2 ring mail of positive energy (heavily wounded) Joseph is severely wounded.
You feel life coursing into your body. Joseph hits you with a +0 quarterstaff!
* * * LOW HITPOINT WARNING * * *
Blink to where?
Press: ? - help, Dir - move target cursor, p - Joseph You are very lightly contaminated with residual magic.
As you read the scroll of blinking, it crumbles to dust.
Joseph unwields a +0 quarterstaff.
Joseph wields a +0 hunting sling.
Joseph shoots a sling bullet.
The sling bullet hits you!
* * * LOW HITPOINT WARNING * * *
The orc wizard shouts!
The orc wizard looks satisfied for a moment.
The orc wizard is too close now for your liking.
The orc wizard is too close now for your liking.
The orc wizard gestures at you while chanting.
The puff of flame hits you! The fire burns you terribly!
You die...
Kikubaaqudgha rasps: "You have failed me!
Welcome... oblivion!"

#..# #..###########
#............# #............####
######### ##...............#
#........
.....>...(......<########.....###
###...........................#
###.....(.........#######)....##
................@.......!.....>#
###...........###.####.##########
#.....!.......#.# #.#.........
#####)#######.#.# #.#.........
#####(#######.#.# #.#.........
#.............#.# #.#(§.......
#.............#o# #.(.........
#.............#.######.@.......
#.............#.@....#.........


You could see an orc wizard.

Vanquished Creatures
  2 sky beasts
  A black bear (D:7)
  A centaur (D:6)
  3 bullfrogs
  4 howler monkeys
  3 crimson imps
  A centaur zombie (D:6)
  4 hounds
  Crazy Yiuf (D:5)
  7 orc wizards
  Jessica (D:2)
  An iguana (D:5)
  2 worker ants
  Natasha (thrice) (D:2)
  Terence (D:2)
  A hound zombie (D:6)
  A hound skeleton (D:7)
  A worker ant zombie (D:6)
  Robin (D:2)
  14 adders
  6 river rats
  An ooze (D:4)
  An adder skeleton (D:4)
  4 worms
  2 dart slugs
  8 leopard geckos
  21 orcs
  6 bats
  12 giant cockroaches
  7 hobgoblins
  10 jackals
  4 quokkas
  8 ball pythons
  2 ball python skeletons (D:4)
  5 frilled lizards
  15 goblins
  3 kobolds
  A leopard gecko skeleton (D:4)
  A quokka zombie (D:5)
  25 rats
195 creatures vanquished.

Vanquished Creatures (collateral kills)
  A bullfrog (Sewer)
  2 scorpions
  A crimson imp (D:6)
  A hound (D:7)
  A bullfrog skeleton (D:5)
  A hound zombie (D:7)
  A hound skeleton (D:6)
  2 adders
  A river rat (Sewer)
  A shadow imp (D:5)
  A goblin (D:3)
  A hobgoblin (D:3)
  2 jackals (D:7)
  2 ball pythons (Sewer)
  A frilled lizard (Sewer)
  A quokka skeleton (D:5)
  6 rats (Sewer)
26 creatures vanquished.

Grand Total: 221 creatures vanquished

Notes
Turn   | Place    | Note
-------+----------+-------------------------------------------
     0 | D:1      | Exodus22XD the Mummy Necromancer began the quest for the
                  | Orb.
     0 | D:1      | Reached XP level 1. HP: 13/13 MP: 4/4
   108 | D:1      | Reached skill level 3 in Spellcasting
   207 | D:1      | Reached XP level 2. HP: 19/19 MP: 1/6
   226 | D:1      | Learned a level 1 spell: Animate Skeleton
   333 | D:1      | Reached skill level 4 in Spellcasting
   654 | D:2      | Noticed Jessica
   669 | D:2      | Killed Jessica
   669 | D:2      | Reached skill level 5 in Spellcasting
   669 | D:2      | Reached XP level 3. HP: 21/24 MP: 0/9
  1197 | D:2      | Reached XP level 4. HP: 30/30 MP: 9/11
  1249 | D:2      | Learned a level 3 spell: Vampiric Draining
  1288 | D:2      | Noticed Terence
  1298 | D:2      | Killed Terence
  1298 | D:2      | Reached skill level 1 in Fighting
  1544 | D:2      | Noticed Robin
  1550 | D:2      | Killed Robin
  1679 | D:2      | Learned a level 4 spell: Animate Dead
  1727 | D:2      | Noticed Natasha
  1812 | D:2      | Killed Natasha
  1812 | D:2      | Reached XP level 5. HP: 25/37 MP: 12/12
  1834 | D:2      | Noticed Natasha
  1837 | D:2      | Killed Natasha
  1837 | D:2      | Reached skill level 5 in Necromancy
  1958 | D:2      | Noticed Natasha
  1965 | D:2      | Killed Natasha
  2153 | D:3      | Found a sparkling altar of Nemelex Xobeh.
  2153 | D:3      | Found an opulent altar of Gozag.
  2217 | D:3      | Found a glowing golden altar of the Shining One.
  2384 | D:3      | Found a glowing drain.
  2388 | Sewer    | Entered a sewer
  2484 | Sewer    | Reached XP level 6. HP: 44/44 MP: 12/13
  3152 | D:3      | Reached XP level 7. HP: 55/55 MP: 11/14
  3156 | D:3      | Reached skill level 5 in Fighting
  3841 | D:4      | Found a transporter.
  3841 | D:4      | Noticed runt's ghost (amateur DrAE)
  3899 | D:4      | Found an ancient bone altar of Kikubaaqudgha.
  3913 | D:4      | Became a worshipper of Kikubaaqudgha
  3918 | D:4      | Reached skill level 6 in Spellcasting
  4114 | D:4      | Found a transporter.
  4358 | D:5      | Entered Level 5 of the Dungeon
  4536 | D:5      | Reached skill level 7 in Spellcasting
  4550 | D:5      | Found a snail-covered altar of Cheibriados.
  4554 | D:5      | Found a sacrificial altar of Ru.
  4748 | D:5      | Reached * piety under Kikubaaqudgha
  4748 | D:5      | Identified Kikubaaqudgha's Reference Book on Unholy Secrets
                  | (Kikubaaqudgha gifted it to you on level 5 of the Dungeon)
  4748 | D:5      | Received a gift from Kikubaaqudgha
  4753 | D:5      | Learned a level 2 spell: Corpse Rot
  4764 | D:5      | Found a runed translucent door.
  4765 | D:5      | Noticed Crazy Yiuf
  4774 | D:5      | Killed Crazy Yiuf
  4875 | D:5      | Found a burning altar of Makhleb.
  5265 | D:5      | Found a stormy altar of Qazlal.
  5559 | D:6      | Reached XP level 8. HP: 52/62 MP: 19/19
  5601 | D:6      | Found Zesin's Armour Boutique.
  5609 | D:6      | Bought a +0 helmet for 67 gold pieces
  5725 | D:6      | Found a staircase to the Ecumenical Temple.
  5834 | D:6      | Learned a level 4 spell: Iskenderun's Mystic Blast
  5847 | D:6      | Got an ancient cloak
  5858 | D:6      | Identified the +2 cloak of the Hidden Scars {rElec MR+
                  | Int-5 SInv} (You found it on level 6 of the Dungeon)
  5967 | D:6      | Reached skill level 1 in Conjurations
  6462 | D:7      | Reached ** piety under Kikubaaqudgha
  6601 | D:7      | Noticed Joseph
  6774 | D:7      | Found a deep blue altar of Sif Muna.
  6872 | D:7      | Reached skill level 5 in Conjurations
  6976 | D:7      | Reached XP level 9. HP: 34/68 MP: 1/20
  7248 | D:7      | HP: 2/68 [Joseph/sling bullet (7)]
  7267 | D:7      | Killed from afar by an orc wizard

Skill      XL: |  1  2  3  4  5  6  7  8 |
---------------+-------------------------+-----
Spellcasting   | 3 5 7 |  7.8
Fighting       | 1 2 4 5 |  5.1
Necromancy     | 5 6 |  6.3
Conjurations   | 5 |  5.6
Dodging        | |  1.5
Stealth        | |  1.5

Action                   |  1- 3 |  4- 6 |  7- 9 || total
-------------------------+-------+-------+-------++-------
Melee: Dagger            |    56 |    55 |   234 ||   345
 Cast: Pain              |    58 |   136 |   191 ||   385
       Animate Skeleton  |     5 |     3 |       ||     8
       Animate Dead      |       |    15 |    20 ||    35
       Vampiric Draining |       |     8 |    29 ||    37
       Corpse Rot        |       |       |     2 ||     2
       Iskenderun's Myst |       |       |     1 ||     1
Invok: Receive Corpses   |       |       |     1 ||     1
  Use: Scroll            |       |     2 |     8 ||    10
 Stab: Sleeping          |     1 |       |     2 ||     3
       Distracted        |       |     1 |     2 ||     3
Armor: Robe              |    23 |    28 |   120 ||   171
Dodge: Dodged            |    35 |    70 |   209 ||   314
